 Dungeon Crawl Stone Soup version 0.29-a0-542-g075992c915 (webtiles) character file.

Game seed: 17544628847359567432

95 dolemite99 the Poker (level 4, 0/26 HPs)
             Began as a Gargoyle Gladiator on June 3, 2022.
             Slain by a gnoll
             ... wielding a +0 club
              (5 damage)
             ... on level 2 of the Dungeon.
             The game lasted 00:01:23 (1977 turns).

dolemite99 the Poker (Gargoyle Gladiator)           Turns: 1977, Time: 00:01:23

Health: 0/26       AC: 10    Str: 16 (19) XL:     4   Next: 65%
Magic:  4/4        EV:  9    Int:  7 (9)  God:
Gold:   102        SH:  0    Dex:  9 (11) Spells: 3/3 levels left

rFire   + . .      SeeInvis .   a - +0 quarterstaff
rCold   + . .      Faith    .   (shield currently unavailable)
rNeg    + . .      Spirit   .   i - +0 scale mail
rPois   ∞          Reflect  .   c - +0 helmet
rElec   +          Harm     .   (no cloak)
rCorr   +          Rampage  .   (no gloves)
Will    .....      Clarity  +   (no boots)
Stlth   ..........              (no amulet)
HPRegen 0.08/turn               (no ring)
MPRegen 0.09/turn               (no ring)

@: brilliant, resistant
A: sickness immunity, AC +3, negative energy resistance 1, electricity
resistance, torment resistance 1, petrification resistance, clarity
a: no special abilities


You were on level 2 of the Dungeon.
You visited 1 branch of the dungeon, and saw 2 of its levels.

You collected 102 gold pieces.

Inventory:

Hand Weapons
 a - a +0 quarterstaff (weapon)
Missiles
 d - 3 throwing nets (quivered)
 e - a javelin
Armour
 b - a +0 leather armour
 c - a +0 helmet (worn)
 i - a +0 scale mail (worn)
Scrolls
 g - a scroll of amnesia {unknown}
 j - a scroll of silence {unknown}
 o - a scroll of identify {unknown}
Potions
 f - a potion of brilliance
 h - a potion of degeneration
 m - a potion of curing {unknown}
 n - a potion of magic {unknown}


   Skills:
 - Level 2.1 Fighting
 + Level 3.7(4.2) Polearms
 - Level 3.0(4.0) Staves
 - Level 1.7 Throwing
 - Level 2.4 Dodging


You had 3 spell levels left.
You didn't know any spells.
Your spell library contained the following spells:

 Spells                   Type           Power      Damage    Failure   Level
 Blink                    Tloc           0%         N/A       95%         2
 Lesser Beckoning         Tloc           0%         N/A       99%         3
 Manifold Assault         Tloc           0%         N/A       100%        5


Dungeon Overview and Level Annotations

Branches:
Dungeon (2/15)

Altars:


Innate Abilities, Weirdness & Mutations

You are immune to sickness and miasma.
Your stone body is resilient. (AC +3)
You are immune to poison.
You resist negative energy. (rN+)
You are resistant to electric shocks. (rElec)
You are resistant to unholy torment.
You are immune to petrification.
You possess an exceptional clarity of mind.


Message History

The gnoll is heavily wounded.
The gnoll closely misses you.
You hit the gnoll.
The gnoll is almost dead.
The gnoll hits you with a +0 halberd.
You closely miss the gnoll.
The gnoll is almost dead.
The gnoll barely misses you.
You sock the gnoll!
You kill the gnoll!
You sock the gnoll!
The gnoll is severely wounded.
The gnoll hits you but does no damage.
You hit the gnoll but do no damage.
The gnoll is severely wounded.
The gnoll barely misses you.
You completely miss the gnoll.
The gnoll is severely wounded.
The gnoll hits you with a +0 club. The gnoll hits you with a +0 club!
* * * LOW HITPOINT WARNING * * *
You closely miss the gnoll.
The gnoll is severely wounded.
The gnoll hits you but does no damage.
You closely miss the gnoll.
The gnoll is severely wounded.
The gnoll completely misses you.
It was a potion of brilliance.
You feel clever all of a sudden. The gnoll misses you.
It was a potion of degeneration.
There was something very wrong with that liquid.
You feel weakened.
You feel dopey.
You feel clumsy. The gnoll closely misses you.
It was a potion of mutation.
You feel extremely strange.
You feel stupid.
Your thoughts seem clearer.
You feel clever. The gnoll misses you.
It was a potion of resistance.
You feel protected. The gnoll hits you with a +0 club.
You die...

#####
#.).#
#.#@#
#.#g#
#.#r#
#.#.#
#.#.#
#.#.#
#.#.#
#.#.#
#.#


You could see a gnoll and a quokka.

Vanquished Creatures
  2 gnolls (D:2)
  3 adders (D:2)
  5 ball pythons
  2 bats
  4 endoplasms
  4 giant cockroaches
  3 goblins
  4 hobgoblins
  5 jackals
  3 kobolds
  2 quokkas (D:1)
  A frilled lizard (D:2)
  4 rats
42 creatures vanquished.

Notes
Turn   | Place    | Note
-------+----------+-------------------------------------------
     0 | D:1      | dolemite99 the Gargoyle Gladiator began the quest for the
                  | Orb.
     0 | D:1      | Reached XP level 1. HP: 12/12 MP: 1/1
    43 | D:1      | Reached skill level 1 in Polearms
   104 | D:1      | Reached XP level 2. HP: 17/17 MP: 2/2
   697 | D:1      | Reached XP level 3. HP: 18/21 MP: 3/3
  1589 | D:2      | Reached XP level 4. HP: 25/26 MP: 4/4
  1976 | D:2      | Gained mutation: You are dopey. (Int -2) [potion of
                  | mutation]
  1976 | D:2      | Gained mutation: You possess an exceptional clarity of
                  | mind. [potion of mutation]
  1976 | D:2      | Lost mutation: You are dopey. (Int -2) [potion of mutation]
  1977 | D:2      | Slain by a gnoll

Illustrated notes

Levels and vault maps discovered:
D:1:      dpeg_arrival_court, layout_loops_ring, nicolae_figureground_pulse
D:2:      layout_loops_ring, minmay_tiny_reverse_x

Skill      XL: |  1  2  3 |
---------------+----------+-----
Polearms       | 1 2 3 |  3.7
Fighting       | |  2.1
Staves         | |  3.0
Throwing       | |  1.7
Dodging        | |  2.4

Action                   |  1- 3 |  4- 6 || total
-------------------------+-------+-------++-------
Melee: Quarterstaff      |   103 |    34 ||   137
  Use: Potion            |       |     4 ||     4
Armor: Leather armour    |    28 |       ||    28
       Scale mail        |    35 |     6 ||    41
Dodge: Dodged            |   114 |    21 ||   135

Table legend: (Time is in decaauts)
 A = Elapsed time spent in this place.
 B = Non-inter-level travel time spent in this place.
 C = Inter-level travel time spent in this place.
 D = Time resting spent in this place.
 E = Time spent auto-exploring this place.
 F = Levels seen in this place.
 G = Mean time per level.
                   A        B        C        D        E       F      G
               +--------+--------+--------+--------+--------+-----+--------+
         Total |   1993 |   1990 |      3 |    301 |   1338 |   2 |  996.5 |
       Dungeon |   1993 |   1990 |      3 |    301 |   1338 |   2 |  996.5 |
               +--------+--------+--------+--------+--------+-----+--------+

Top non-repeatable levels by time:
     D:1: 1173 daAuts
     D:2: 820 daAuts
